AoeStats
← ✪Lucho Jaraツ

MegaRandom

506896092Analyzed
2v2 RM · 16d ago on Sep 15, 2026· 48m 53s· 4 players
Game mode
Random Map
Map size
Medium (4 player)
Population
200
Speed
Normal
Resources
Standard
Victory
Conquest
Starting age
Dark Age
Ending age
Imperial Age
RankedLock teamsTeams togetherTeam positionsShared explorationLock speedFull tech treeHidden civsTurbo modeCheats
Victory
Defeat
🇨🇱 Tupi · Chile
1153
+14
🇨🇱 Slavs · Chile
1091
+17
🇩🇪 Bulgarians · Germany
1203
-20
🇩🇪 Mongols · Germany
1012
-11
frumsPG
0:30 Loom
11:32 Feudal Age
15:24 Castle Age
13:37 Horse Collar
14:56 Double-Bit Axe
17:05 Medium Warships
18:00 Forging
24:10 Fishing Lines
25:01 Heavy Plow
25:18 Bow Saw
26:14 Wheelbarrow
27:22 Stone Mining
27:55 Gillnets
28:17 Fletching
28:49 Hand Cart
31:09 Stone Shaft Mining
31:08 Ballistics
30:40 Heated Shot
30:45 Murder Holes
30:47 Bodkin Arrow
31:40 Gold Mining
35:40 Imperial Age
33:55 Stirrups
34:50 Gold Shaft Mining
34:58 Bloodlines
34:48 Husbandry
34:58 Scale Barding Armor
36:32 Caravan
38:45 Conscription
38:46 Siege Engineers
38:45 Bracer
39:46 Chemistry
40:10 Chain Barding Armor
40:25 Iron Casting
40:03 Masonry
39:47 Light Cavalry
39:56 Elite Konnik
42:23 Plate Barding Armor
42:49 Blast Furnace
41:28 Heavy Scorpion
42:56 Hussar
44:16 Scale Mail Armor
44:16 Padded Archer Armor
47:27 Squires
47:13 Arson
47:13 Gambesons
47:46 Leather Archer Armor
47:49 Chain Mail Armor
47:49 Leather Archer Armor
48:06 Architecture
UltraCore
0:33 Loom
11:58 Feudal Age
14:55 Double-Bit Axe
15:02 Gold Mining
19:30 Castle Age
17:23 Double-Bit Axe
17:23 Horse Collar
17:28 Fishing Lines
18:24 Forging
20:50 Iron Casting
21:01 Bow Saw
20:53 Heavy Plow
23:40 Wheelbarrow
25:40 Hand Cart
27:26 Fletching
27:37 Padded Archer Armor
27:50 Stone Mining
28:37 Husbandry
28:48 Bloodlines
29:13 Gold Mining
30:38 Caravan
31:46 Leather Archer Armor
32:43 Bodkin Arrow
33:13 Ballistics
38:35 Imperial Age
37:31 Gold Shaft Mining
37:34 Stone Shaft Mining
39:55 Bracer
40:54 Scale Barding Armor
41:41 Conscription
40:42 Elite Mangudai
43:35 Chemistry
45:30 Capped Ram
47:07 Capped Ram
48:12 Drill
48:19 Siege Ram
✪Lucho Jaraツ
0:34 Loom
9:07 Feudal Age
10:05 Double-Bit Axe
16:43 Castle Age
24:17 Horse Collar
25:25 Fletching
27:46 Padded Archer Armor
28:43 Bow Saw
29:55 Wheelbarrow
31:44 Heavy Plow
31:38 Gold Mining
31:41 Stone Mining
35:14 Imperial Age
33:04 Bodkin Arrow
33:34 Ballistics
33:54 Treadmill Crane
35:47 Leather Archer Armor
35:56 Hand Cart
38:14 Chemistry
38:08 Hoardings
38:12 Town Watch
39:16 Bracer
39:44 Conscription
39:28 Elite Ibirapema Warrior
41:08 Squires
40:53 Arson
42:28 Forging
42:18 Scale Mail Armor
44:21 Two-Man Saw
43:59 Gold Shaft Mining
44:29 Iron Casting
44:09 Chain Mail Armor
44:15 Pikeman
46:48 Plate Mail Armor
h33posk
10:27 Feudal Age
11:41 Double-Bit Axe
15:33 Castle Age
13:19 Loom
16:24 Bloodlines
16:45 Bow Saw
16:51 Husbandry
16:37 Horse Collar
20:15 Scale Barding Armor
25:55 Wheelbarrow
25:56 Heavy Plow
25:47 Town Watch
28:39 Pikeman
31:57 Imperial Age
29:48 Hand Cart
29:33 Town Patrol
30:15 Forging
30:11 Scale Mail Armor
31:05 Gold Mining
31:05 Stone Mining
32:13 Chain Barding Armor
32:28 Iron Casting
32:41 Squires
33:08 Conscription
33:12 Chain Mail Armor
33:11 Siege Engineers
33:33 Halberdier
35:06 Plate Barding Armor
35:31 Blast Furnace
35:14 Fletching
35:40 Detinets
36:17 Hoardings
35:09 Capped Ram
36:15 Ballistics
36:55 Chemistry
36:14 Druzhina
37:30 Plate Mail Armor
38:00 Blast Furnace
37:02 Cavalier
39:22 Two-Man Saw
38:26 Bodkin Arrow
39:45 Siege Ram
48:01 Onager
Connection lost

Rejoining the realm…

Still unreachable

The connection could not be restored.

Session expired

The server has moved on; the page needs a fresh start.